 Dungeon Crawl Stone Soup version 0.30-b1-2-g02819fbbbe (webtiles) character file.

Game seed: 4716664636469034554

1388 Fartwhistle the Changer (level 8, -2/52 HPs)
             Began as an Octopode Transmuter on June 6, 2023.
             Killed from afar by a white imp (10 damage)
             ... with a puff of frost
             ... on level 6 of the Dungeon.
             The game lasted 00:10:57 (5025 turns).

Fartwhistle the Changer (Octopode Transmuter)       Turns: 5025, Time: 00:10:59

Health: -2/52      AC: -2    Str:  9    XL:     8   Next: 68%
Magic:  14/15      EV: 19    Int: 17    God:
Gold:   324        SH:  0    Dex: 18    Spells: 6/16 levels left

rFire   . .          .
                       - Unarmed
rCold   . . .        (shield currently unavailable)
rNeg    . . .        (helmet currently unavailable)
rPois   x            (no amulet)
rElec   .            l - +4 ring of protection
rCorr   .            (no ring)
SInv    .            (no ring)
Will    .....        (no ring)
Stlth   ++           (no ring)
HPRegen 0.28/turn    (no ring)
MPRegen 0.14/turn    (no ring)
                     (no ring)

%: no passive effects
@: spider-form (expiring), wereblooded, corroded, studying Short Blades
A: venomous fangs, almost no armour, (amphibious), 8 rings, tiny, (camouflage
1), (gelatinous body 1), (nimble swimmer 1), (tentacles)
a: End Transformation


You were on level 6 of the Dungeon.
You were a venomous arachnid creature.
You visited 1 branch of the dungeon, and saw 6 of its levels.

You collected 324 gold pieces.

Inventory:

Hand Weapons
 m - a +1 morningstar of protection
Missiles
 u - 2 poisoned darts
Magical Staves
 n - a staff of fire
Jewellery
 l - a +4 ring of protection (left front pincers)
Wands
 w - a wand of iceblast (6)
 x - a wand of charming (6)
Scrolls
 c - 5 scrolls of identify {unknown}
 e - 3 scrolls of blinking
 f - a scroll of torment {unknown}
 i - 2 scrolls of teleportation {unknown}
 j - 2 scrolls of fog {unknown}
 o - 3 scrolls of magic mapping {unknown}
 r - a scroll of noise {unknown}
 s - 3 scrolls of amnesia {unknown}
 v - a scroll of enchant armour {unknown}
Potions
 a - a potion of lignification
 b - 2 potions of cancellation {unknown}
 d - 2 potions of curing {unknown}
 g - 5 potions of heal wounds {unknown}
 h - 4 potions of berserk rage {unknown}
 k - a potion of invisibility {unknown}
 p - a potion of magic {unknown}
 q - a potion of attraction {unknown}
 t - a potion of ambrosia {unknown}


   Skills:
 + Level 3.0 Fighting
 - Level 2.0 Dodging
 + Level 4.2 Unarmed Combat
 + Level 4.9 Spellcasting
 + Level 6.7 Transmutations
 + Level 5.4 Poison Magic


You had 6 spell levels left.
You knew the following spells:

 Your Spells              Type           Power      Damage    Failure   Level
a - Beastly Appendage     Tmut           54%        N/A       4%          1
b - Wereblood             Tmut           27%        N/A       6%          2
c - Spider Form           Tmut/Pois      24%        N/A       12%         3
d - Olgreb's Toxic Radia  Pois           22%        N/A       34%         4

Your spell library contained the following spells:

 Spells                   Type           Power      Damage    Failure   Level
 Kiss of Death            Conj/Necr      16%        2d6       32%         1
 Ice Form                 Ice/Tmut       15%        N/A       56%         4
 Call Canine Familiar     Summ           4%         N/A       63%         3
 Confusing Touch          Hex            4%         N/A       63%         3
 Portal Projectile        Hex/Tloc       8%         N/A       63%         3
 Vhi's Electric Charge    Tloc/Air       8%         N/A       63%         3
 Dispel Undead            Necr           4%         3d7       93%         4
 Leda's Liquefaction      Hex/Erth       2%         N/A       93%         4
 Arcjolt                  Conj/Air       2%         1d12      99%         5
 Discord                  Hex            2%         N/A       100%        8
 Ignition                 Fire           2%         3d3       100%        8
 Maxwell's Capacitive Co  Air            2%         ∞         100%        8


Dungeon Overview and Level Annotations

Branches:
Dungeon (6/15)
 Temple: D:4-7

Altars:
Ashenzari
Nemelex Xobeh
Ru


Innate Abilities, Weirdness & Mutations

You are a venomous arachnid creature.
You have venomous fangs.
You are tiny and dextrous.
Your spellcasting is less reliable in this form.
Your armour is entirely melded.
You are incapable of wielding weapons or throwing items.
You cannot wear most types of armour.
((You are amphibious.))
You can wear up to eight rings at the same time.
((Your skin changes colour to match your surroundings (Stealth+).))
((Your rubbery body absorbs attacks. (AC +1, EV +1)))
((You are camouflaged when in or above water. (Stealth+)))
((You have tentacles for arms and can constrict up to eight enemies at once.))


Message History

Your front pincers burn!
The jelly is almost dead.
You hit the jelly.
Your front pincers burn!
The jelly is almost dead.
The jelly completely misses you.
You hit the jelly but do no damage.
The jelly is poisoned.
Your front pincers burn!
The jelly is almost dead.
The jelly hits you. The acid corrodes you!
You are splashed with acid!
You are too injured to fight recklessly!
You are too injured to fight recklessly!
You hit the jelly.
You feel a bit better.
You kill the jelly!
Your Fighting skill increases to level 3!
You hit the white imp but do no damage. The white imp gestures at you.
The puff of frost misses you.
You hit the white imp but do no damage. The white imp closely misses you.
You hit the white imp but do no damage.
The white imp is poisoned.
Your transformation is almost over.
The white imp grinds its teeth.
The white imp gestures at you. The puff of frost hits you!
* * * LOW HITPOINT WARNING * * *
You barely miss the white imp.
You hiss as the wereblood boils in your veins!
You hear an angry hiss.
The white imp misses you.
You barely miss the white imp.
The white imp is moderately wounded.
The white imp gestures at you. The puff of frost hits you!
* * * LOW HITPOINT WARNING * * *
You hit the white imp but do no damage.
The white imp is heavily wounded.
An adder comes into view.
The white imp summons a swarm of flies.
The white imp gestures at you. The puff of frost hits you!
You die...

#.......#########
..... #.###.###
..... #. #..##
####o..... ##..##
#.....F...
##..###
#.##...... ##...#
#.# ....J
###.#####.#
......
#...#.††#.......
###.#.#s5...<...
#.).#.####S.##
#####.# #.# ..#
###


You could see an adder and a white imp (very poisoned).

Vanquished Creatures
  Prince Ribbit (D:6)
  Sigmund (D:4)
  An ogre (D:5)
  A phantom (D:5)
  A bullfrog (D:4)
  3 scorpions
  An orc priest (D:5)
  A hound (D:5)
  A gnoll bouda (D:5)
  2 jellies (D:6)
  2 sleepcaps (D:5)
  3 iguanas
  2 orc wizards
  7 gnolls
  16 adders
  3 dart slugs
  A worm (D:3)
  9 orcs
  5 endoplasms
  A giant cockroach (D:2)
  3 goblins
  8 hobgoblins
  9 kobolds
  3 quokkas
  7 ball pythons
  7 bats
  8 frilled lizards
  8 rats
115 creatures vanquished.

Notes
Turn   | Place    | Note
-------+----------+-------------------------------------------
     0 | D:1      | Fartwhistle the Octopode Transmuter began the quest for the
                  | Orb.
     0 | D:1      | Reached XP level 1. HP: 13/13 MP: 3/3
    56 | D:1      | You fall into a shaft and drop 1 floor!
   165 | D:1      | Reached XP level 2. HP: 16/18 MP: 3/5
   242 | D:1      | Learned a level 2 spell: Wereblood
   555 | D:1      | Reached skill level 3 in Transmutations
   583 | D:1      | Reached XP level 3. HP: 13/23 MP: 6/6
   629 | D:1      | Learned a level 3 spell: Spider Form
  1031 | D:2      | Reached skill level 1 in Poison Magic
  1031 | D:2      | Reached XP level 4. HP: 28/28 MP: 5/7
  1638 | D:3      | Found a sparkling altar of Nemelex Xobeh.
  1732 | D:3      | Reached skill level 4 in Transmutations
  1732 | D:3      | Reached XP level 5. HP: 29/33 MP: 6/9
  2343 | D:4      | Noticed Sigmund
  2400 | D:3      | Reached XP level 6. HP: 30/38 MP: 7/10
  2516 | D:4      | Found a sacrificial altar of Ru.
  2536 | D:4      | Found a broken altar of Ashenzari.
  2583 | D:5      | Entered Level 5 of the Dungeon
  2726 | D:4      | Reached skill level 5 in Transmutations
  2894 | D:4      | Learned a level 4 spell: Olgreb's Toxic Radiance
  2904 | D:4      | Reached XP level 7. HP: 38/43 MP: 9/12
  3457 | D:5      | Reached skill level 6 in Transmutations
  3918 | D:5      | Reached XP level 8. HP: 50/50 MP: 10/14
  4775 | D:4      | Killed Sigmund
  4892 | D:5      | Reached skill level 5 in Poison Magic
  4955 | D:6      | Noticed Prince Ribbit
  5015 | D:6      | Killed Prince Ribbit
  5025 | D:6      | Killed from afar by a white imp

Illustrated notes

Levels and vault maps discovered:
D:1:      minmay_arrival_up_and_down, layout_basic
D:2:      minmay_general_purpose_star, layout_loops_ring, minmay_pentomino_v4
D:3:      layout_rooms, lemuel_crystal_altar
D:4:      layout_basic, mainiacjoe_overflow_catwalk_spiral,
          minmay_misc_feat_more_columns, uniq_sigmund
D:5:      layout_gridville, minmay_manual_maat
D:6:      layout_rooms, minmay_temple_entry_water_ring, uniq_prince_ribbit1

Skill      XL: |  1  2  3  4  5  6  7  8 |
---------------+-------------------------+-----
Transmutations | 3 4 5 6 |  6.7
Poison Magic   | 1 2 3 4 5 |  5.4
Spellcasting   | 3 4 |  4.9
Fighting       | 3 |  3.0
Unarmed Combat | 4 |  4.2
Dodging        | |  2.0

Action                     |  1- 3 |  4- 6 |  7- 9 || total
---------------------------+-------+-------+-------++-------
  Melee: Unarmed           |    82 |   155 |   168 ||   405
         Constrict         |    21 |    23 |     8 ||    52
         Kick              |     5 |     6 |       ||    11
         Tentacles         |     9 |    15 |     9 ||    33
         Punch             |     1 |     2 |     1 ||     4
   Cast: Beastly Appendage |     8 |     5 |       ||    13
         Spider Form       |       |    11 |    17 ||    28
         Wereblood         |       |       |     1 ||     1
  Evoke: Wand              |       |       |     2 ||     2
    Use: Scroll            |     1 |       |       ||     1
   Stab: Sleeping          |     5 |    10 |     5 ||    20
 Armour: Skin              |     4 |    28 |    26 ||    58
  Dodge: Dodged            |    50 |   130 |    95 ||   275
